 Dungeon Sprint DCSS version 0.23.2-1-ga50397a6bc (webtiles) character file.

Game seed: 6191802835453836690

10495 Andrea the Thaumaturge (level 11, -2/108 HPs)
             Began as a Gnoll Skald on Apr 24, 2019.
             Was the Champion of Cheibriados.
             Killed from afar by a blizzard demon (15 damage)
             ... with a bolt of cold
             ... in the Dungeon (Sprint V: "Ziggurat Sprint").
             The game lasted 00:13:54 (1093 turns).

Andrea the Thaumaturge (Gnoll Skald)                Turns: 1093, Time: 00:13:55

Health: -2/108     AC: 22    Str: 43    XL:     11   Next: 63%
Magic:  24/26      EV: 18    Int: 28    God:    Cheibriados [******]
Gold:   0          SH: 12    Dex: 31    Spells: 21/32 levels left

rFire    + . .     SeeInvis .   m - +7 Screaming Sword {slice, sonic wave}
rCold    + . .     Gourm    .   K - +3 buckler
rNeg     . . .     Faith    .   O - +5 gold dragon scales
rPois    +         Spirit   .   (no helmet)
rElec    .         Reflect  .   (no cloak)
rCorr    .         Harm     .   (no gloves)
MR       .....     NoTele   +   (no boots)
Stlth    ..........             W - amulet of Vitality {Regen+ HP+15}
HPRegen  0.68/turn              C - +6 ring of strength
MPRegen  0.20/turn              D - +6 ring of strength

@: singing, very slightly contaminated, lightly drained, very slow
A: distributed training, fangs 1, dopey 1, strong nose
a: Bend Time, Temporal Distortion, Slouch, Step From Time, Renounce Religion


You were in the Dungeon.
You worshipped Cheibriados.
Cheibriados was exalted by your worship.
You were not hungry.

You visited 1 branch

Inventory:

Hand Weapons
 a - a +0 falchion
 m - the +7 Screaming Sword (weapon) {slice, sonic wave}
   (You found it in the Dungeon)

   It inflicts extra damage upon your enemies.
 G - a +5 demon blade
 H - a +5 double sword
 I - a +5 triple sword
 J - the +8 lance "Wyrmbane" {slay drac, rPois rF+ rC+ AC+3}
   (You found it in the Dungeon)

   It affects your AC (+3).
   It protects you from fire.
   It protects you from cold.
   It protects you from poison.
 T - the +10 glaive of the Wolf {venom, MR+ Str+5}
   (You took it off a red devil in the Dungeon)

   It poisons the flesh of those it strikes.
   It affects your strength (+5).
   It affects your resistance to hostile enchantments.
Armour
 b - a +0 leather armour
 K - a +3 buckler (worn)
 L - a +3 large shield
 M - a +3 shield
 N - a +5 crystal plate armour
 O - +5 gold dragon scales (worn)
 P - +5 fire dragon scales
 Q - +5 ice dragon scales
 R - +5 shadow dragon scales
 S - +5 storm dragon scales
Jewellery
 z - a +6 ring of dexterity
 B - a +6 ring of intelligence
 C - a +6 ring of strength (left hand)
 D - a +6 ring of strength (right hand)
 F - an uncursed ring of flight
 U - an uncursed amulet of the acrobat
 V - an uncursed ring of resist corrosion
 W - the amulet of Vitality (around neck) {Regen+ HP+15}
   (You found it in the Dungeon)

   [amulet of regeneration]

   It affects your health (+15).
   It increases your rate of regeneration.
 Y - an uncursed ring of protection from cold
Wands
 v - a wand of disintegration (7)
 w - a wand of iceblast (4)
 x - a wand of acid (7)
Scrolls
 j - 2 scrolls of blinking
 p - 4 scrolls of amnesia
 q - 6 scrolls of fog
 r - a scroll of holy word
 s - 5 scrolls of identify
 t - 5 scrolls of remove curse
 u - 2 scrolls of fear
 y - 4 scrolls of enchant weapon
Potions
 c - 2 potions of brilliance
 e - 9 potions of curing
 f - 6 potions of heal wounds
 g - 6 potions of haste
 h - 7 potions of magic
 i - 3 potions of berserk rage
 k - 2 potions of invisibility
 l - 3 potions of resistance
 n - 5 potions of agility
 o - 5 potions of might
Miscellaneous
 E - a lightning rod (4/4)
 X - a phantom mirror
Comestibles
 d - 7 rations


   Skills:
 + Level 11.3(10.6) Fighting
 + Level 10.4(9.7) Short Blades
 + Level 11.3(10.6) Long Blades
 + Level 10.4(9.7) Axes
 + Level 10.4(9.7) Maces & Flails
 + Level 10.4(9.7) Polearms
 + Level 10.4(9.7) Staves
 + Level 10.4(9.7) Slings
 + Level 10.4(9.7) Bows
 + Level 10.4(9.7) Crossbows
 + Level 10.4(9.7) Throwing
 + Level 10.7(10.0) Armour
 + Level 11.3(10.6) Dodging
 + Level 10.4(9.7) Stealth
 + Level 10.4(9.7) Shields
 + Level 10.4(9.7) Unarmed Combat
 + Level 11.4(10.7) Spellcasting
 + Level 8.8(8.2) Conjurations
 + Level 8.8(8.2) Hexes
 + Level 10.3(9.6) Charms
 + Level 8.8(8.2) Summonings
 + Level 8.8(8.2) Necromancy
 + Level 8.8(8.2) Translocations
 + Level 8.8(8.2) Transmutations
 + Level 8.8(8.2) Fire Magic
 + Level 8.8(8.2) Ice Magic
 + Level 8.8(8.2) Air Magic
 + Level 8.8(8.2) Earth Magic
 + Level 8.8(8.2) Poison Magic
 + Level 11.2(10.6) Invocations
 + Level 10.4(9.7) Evocations


You had 21 spell levels left.
You knew the following spells:

 Your Spells              Type           Power        Failure   Level  Hunger
a - Infusion              Chrm           ####         1%          1    None
b - Song of Slaying       Chrm           ######..     1%          2    None
c - Shroud of Golubria    Chrm/Tloc      ######....   1%          2    None
d - Regeneration          Chrm/Necr      ######....   2%          3    None
e - Spectral Weapon       Hex/Chrm       ######..     2%          3    None

Your spell library contained the following spells:

 Spells                   Type           Power        Failure   Level  Hunger
 Animate Skeleton         Necr           N/A          1%          1    None
 Flame Tongue             Conj/Fire      #####        1%          1    None
 Pain                     Necr           ####         1%          1    None
 Poisonous Vapours        Pois/Air       ######       1%          2    None
 Throw Flame              Conj/Fire      ######       1%          2    None
 Conjure Flame            Conj/Fire      ######..     3%          3    None
 Ignite Poison            Fire/Tmut/Pois ######..     3%          3    None
 Inner Flame              Hex/Fire       ######..     3%          3    None
 Mephitic Cloud           Conj/Pois/Air  ######..     3%          3    None
 Vampiric Draining        Necr           ######....   3%          3    None
 Animate Dead             Necr           N/A          13%         4    None
 Sticky Flame             Conj/Fire      ######..     13%         4    None
 Fireball                 Conj/Fire      ######....   34%         5    ###....
 Bolt of Fire             Conj/Fire      ######....   89%         6    #####..
 Freezing Cloud           Conj/Ice/Air   ######....   89%         6    #####..
 Haunt                    Necr/Summ      ######....   100%        7    ######.
 Ring of Flames           Chrm/Fire      ######....   100%        7    ######.
 Borgnjor's Revivificati  Necr           ######....   100%        8    #######
 Death's Door             Chrm/Necr      ######....   100%        8    #######
 Ignition                 Fire           ######....   100%        8    #######
 Infestation              Necr           ######....   100%        8    #######
 Necromutation            Tmut/Necr      ######....   100%        8    #######


Dungeon Overview and Level Annotations

Branches:
Dungeon (1/1)

Altars:
Ashenzari
Cheibriados
Dithmenos
Elyvilon
Fedhas
Gozag
Hepliaklqana
Kikubaaqudgha
Makhleb
Nemelex Xobeh
Okawaru
Qazlal
Ru
Sif Muna
Trog
Uskayaw
Vehumet
Wu Jian
Xom
Yredelemnul
Zin
The Shining One
Beogh
Jiyva
Lugonu


Innate Abilities, Weirdness & Mutations

Your experience applies equally to all skills.
You have very sharp teeth.
Your uncanny sense of smell can sniff out nearby items.
You are dopey. (Int -2)


Message History

Blink to where?
Press: ? - help, Dir - move target cursor
As you read the scroll of blinking, it crumbles to dust.
The necromancer mumbles some strange words.
The necromancer flickers and vanishes!
Welcome to arena 13.
You enter the transporter and appear at another place.
An ice dragon, an ice beast, a blizzard demon, a freezing wraith and a simulacrum come into view.
The ice dragon roars deafeningly!
The blizzard demon shouts!
You hear a shout!
You hear an angry growl.
An ice dragon comes into view.
A polar bear comes into view.
A freezing wraith comes into view.
A blizzard demon comes into view.
Found four items.
An ice dragon, an ice beast and a white imp come into view.
You are no longer magically infusing your attacks.
The blizzard demon shouts!
The white imp shouts!
The ice dragon roars deafeningly!
The blizzard demon gestures at you. The bolt of cold hits you! You resist.
You die...

▓...(©....▓
▓..|)Z|))}..▓▓▓▓▓▓▓▓▓▓▓
▓..Y2D5}}...▓...8©8...▓
▓....DWDh...▓.....)}..▓
▓...W2Y.....▓....=)...▓
∆
▓...........▓.........▓
▓...........▓....)....▓
▓...........▓..)).)...▓
▓..▓..@..▓..▓..)†))...▓
▓...........▓.▓.....▓.▓
▓.....©.....▓...)©....▓
▓▓▓▓▓▓▓▓▓▓▓▓▓▓▓▓▓▓▓▓▓▓▓
▓...8©8...▓...8©8...▓..
▓......)).▓..[)}....▓..
▓..})"z.§.▓...||=...▓..
▓....{....▓.........▓..
▓....n....▓.........▓..


You could see 3 ice dragons, 2 blizzard demons, a polar bear, 2 freezing
wraiths, 2 ice beasts, a white imp and a giant cockroach simulacrum.

Vanquished Creatures
  A pearl dragon (D)
  An angel (D)
  2 centaur warriors (D)
  A cherub (D)
  A spriggan druid (D)
  A shining eye (D)
  A cyclops (D)
  3 yaktaurs (D)
  A red devil (D)
  A polar bear (D)
  3 slime creatures (D)
  A wind drake (D)
  A redback (D)
  An air elemental (D)
  A spriggan (D)
  A golden eye (D)
  2 insubstantial wisps (D)
  2 hell hounds (D)
  An orc warrior (D)
  2 black bears (D)
  4 eyes of draining (D)
  2 wolves (D)
  A centaur (D)
  A small abomination (D)
  2 jellies (D)
  2 orc priests (D)
  3 orc wizards (D)
  4 adders (D)
  A shadow imp (D)
  A white imp (D)
  2 oozes (D)
  2 orcs (D)
  A ball python (D)
  A bat simulacrum (D)
  A giant cockroach zombie (D)
56 creatures vanquished.

Vanquished Creatures (others)
  2 insubstantial wisps (D)
  A spectral weapon (D)
3 creatures vanquished.

Grand Total: 59 creatures vanquished

Notes
Turn   | Place    | Note
-------+----------+-------------------------------------------
     0 | D        | Found the +6 Majin-Bo {vamp, Archmagi MP+6 Int+6}
     0 | D        | Found the +7 great mace "Firestarter" {inner flame, rF++}
     0 | D        | Andrea the Gnoll Skald began the quest for the Orb.
     0 | D        | Reached XP level 1. HP: 20/20 MP: 6/6
     9 | D        | Found a blossoming altar of Fedhas.
    11 | D        | Found a deep blue altar of Sif Muna.
    11 | D        | Found a sacrificial altar of Ru.
    11 | D        | Found a bloodstained altar of Trog.
    11 | D        | Found a stormy altar of Qazlal.
    11 | D        | Found an iron altar of Okawaru.
    11 | D        | Found a sparkling altar of Nemelex Xobeh.
    13 | D        | Found a transporter.
    13 | D        | Found an ancient bone altar of Kikubaaqudgha.
    13 | D        | Found a viscous altar of Jiyva.
    13 | D        | Found a corrupted altar of Lugonu.
    13 | D        | Found a hazy altar of Hepliaklqana.
    13 | D        | Found a burning altar of Makhleb.
    13 | D        | Found an opulent altar of Gozag.
    36 | D        | Found the +9 heavy crossbow "Sniper" {velocity, Acc+∞ SInv}
    36 | D        | Found the +10 dark maul {crush}
    36 | D        | Found the +15 Maxwell's patent armour {-Cast -Tele rElec
                  | MR+ rCorr}
    36 | D        | Found the +18 shield of the Gong {rElec rN+ MR+ EV-5}
    36 | D        | Found the cursed +14 obsidian axe {chop, +Fly SInv *Curse}
    52 | D        | Found the +6 shillelagh "Devastator" {shatter}
    52 | D        | Found the +11 plutonium sword {*Contam Stlth-}
    52 | D        | Found the +8 lance "Wyrmbane" {slay drac, rPois rF+ rC+
                  | AC+3}
    52 | D        | Found the +9 sword of Zonguldrok {reap}
    52 | D        | Found the cursed +13 scythe of Curses {drain, *Curse}
    52 | D        | Found the +0 sword of Power
    52 | D        | Found the +7 mace of Variability {chain chaos}
    52 | D        | Found the +7 Singing Sword {slice, sonic wave}
    52 | D        | Found the +7 longbow "Piercer" {penet, EV-2}
   101 | D        | Became a worshipper of Cheibriados the Contemplative
   108 | D        | Reached skill level 5 in Fighting
   108 | D        | Reached skill level 5 in Long Blades
   108 | D        | Reached skill level 5 in Dodging
   108 | D        | Reached skill level 5 in Spellcasting
   108 | D        | Reached skill level 1 in Conjurations
   108 | D        | Reached skill level 1 in Hexes
   108 | D        | Reached skill level 1 in Summonings
   108 | D        | Reached skill level 1 in Necromancy
   108 | D        | Reached skill level 1 in Translocations
   108 | D        | Reached skill level 1 in Transmutations
   108 | D        | Reached skill level 1 in Fire Magic
   108 | D        | Reached skill level 1 in Ice Magic
   108 | D        | Reached skill level 1 in Air Magic
   108 | D        | Reached skill level 1 in Earth Magic
   108 | D        | Reached skill level 1 in Poison Magic
   108 | D        | Reached XP level 2. HP: 27/27 MP: 6/8
   152 | D        | Entered arena 2.
   152 | D        | Noticed a small abomination
   152 | D        | Noticed a red devil
   152 | D        | Found a transporter.
   153 | D        | Identified the +10 glaive of the Wolf {venom, MR+ Str+5}
   154 | D        | Killed a small abomination
   154 | D        | Reached XP level 3. HP: 33/33 MP: 7/10
   154 | D        | Reached XP level 4. HP: 39/39 MP: 7/11
   158 | D        | Killed a red devil
   158 | D        | Reached skill level 5 in Armour
   158 | D        | Reached skill level 5 in Invocations
   158 | D        | Reached XP level 5. HP: 20/47 MP: 7/14
   158 | D        | Reached XP level 6. HP: 22/53 MP: 7/15
   289 | D        | Learned a level 2 spell: Song of Slaying
   292 | D        | Learned a level 2 spell: Shroud of Golubria
   296 | D        | Learned a level 3 spell: Regeneration
   300 | D        | Learned a level 3 spell: Spectral Weapon
   312 | D        | Entered arena 3.
   312 | D        | Noticed a polar bear
   312 | D        | Found a transporter.
   315 | D        | Reached * piety under Cheibriados
   319 | D        | Killed a polar bear
   319 | D        | Reached ** piety under Cheibriados
   319 | D        | Reached skill level 5 in Short Blades
   319 | D        | Reached skill level 5 in Axes
   319 | D        | Reached skill level 5 in Maces & Flails
   319 | D        | Reached skill level 5 in Polearms
   319 | D        | Reached skill level 5 in Staves
   319 | D        | Reached skill level 5 in Slings
   319 | D        | Reached skill level 5 in Bows
   319 | D        | Reached skill level 5 in Crossbows
   319 | D        | Reached skill level 5 in Throwing
   319 | D        | Reached skill level 5 in Stealth
   319 | D        | Reached skill level 5 in Shields
   319 | D        | Reached skill level 5 in Unarmed Combat
   319 | D        | Reached skill level 5 in Evocations
   319 | D        | Reached XP level 7. HP: 48/60 MP: 12/17
   379 | D        | Entered arena 4.
   379 | D        | Found a transporter.
   381 | D        | Reached *** piety under Cheibriados
   419 | D        | Entered arena 5.
   419 | D        | Found a transporter.
   423 | D        | Reached **** piety under Cheibriados
   425 | D        | Reached skill level 5 in Conjurations
   425 | D        | Reached skill level 5 in Hexes
   425 | D        | Reached skill level 5 in Summonings
   425 | D        | Reached skill level 5 in Necromancy
   425 | D        | Reached skill level 5 in Translocations
   425 | D        | Reached skill level 5 in Transmutations
   425 | D        | Reached skill level 5 in Fire Magic
   425 | D        | Reached skill level 5 in Ice Magic
   425 | D        | Reached skill level 5 in Air Magic
   425 | D        | Reached skill level 5 in Earth Magic
   425 | D        | Reached skill level 5 in Poison Magic
   425 | D        | Reached XP level 8. HP: 68/68 MP: 0/19
   538 | D        | Entered arena 6.
   538 | D        | Found a transporter.
   540 | D        | Reached ***** piety under Cheibriados
   566 | D        | Entered arena 7.
   566 | D        | Noticed a spriggan druid
   566 | D        | Noticed a spriggan
   568 | D        | Found a transporter.
   571 | D        | Killed a spriggan druid
   573 | D        | Reached ****** piety under Cheibriados
   576 | D        | Killed a spriggan
   576 | D        | Reached XP level 9. HP: 63/75 MP: 9/21
   591 | D        | Got the amulet "Duliusoc" {Harm *Drain rN++ Dex+7 Stlth-}
   628 | D        | Entered arena 8.
   628 | D        | Noticed a wind drake
   629 | D        | Found the +8 demon blade "Bloodbane" {slice, *Rage +Rage
                  | Stlth-}
   629 | D        | Found the amulet of Vitality {Regen+ HP+15}
   631 | D        | Found a transporter.
   634 | D        | Killed a wind drake
   758 | D        | Entered arena 9.
   758 | D        | Noticed a centaur warrior
   758 | D        | Noticed a centaur warrior
   758 | D        | Noticed a yaktaur
   758 | D        | Noticed a yaktaur
   758 | D        | Noticed a yaktaur
   758 | D        | Noticed a cyclops
   759 | D        | Found the +5 scythe "Finisher" {speed, eviscerate}
   759 | D        | Identified the cursed +2 quarterstaff of the Forsaken
                  | Spirits {drain, Str+6}
   761 | D        | Killed a yaktaur
   761 | D        | Killed a yaktaur
   763 | D        | Found a transporter.
   764 | D        | Killed a cyclops
   766 | D        | Killed a centaur warrior
   766 | D        | Reached XP level 10. HP: 79/83 MP: 16/23
   769 | D        | Killed a centaur warrior
   769 | D        | Reached skill level 10 in Spellcasting
   772 | D        | Reached skill level 10 in Fighting
   772 | D        | Reached skill level 10 in Long Blades
   772 | D        | Reached skill level 10 in Dodging
   826 | D        | Entered arena 10.
   826 | D        | Identified the cursed +2 glaive of Doom {speed, MR+ Str+4
                  | Int-5}
   826 | D        | Identified the +9 dagger of Abomination {pierce, *Drain rN+
                  | Dex+2 SInv}
   830 | D        | Found a transporter.
   860 | D        | Entered arena 11.
   860 | D        | Noticed a shining eye
   861 | D        | Gained mutation: You are dopey. (Int -2) [a shining eye]
   864 | D        | Killed a shining eye
   864 | D        | Reached skill level 10 in Invocations
   868 | D        | Found a transporter.
   976 | D        | Entered arena 12.
   976 | D        | Noticed a cherub
   976 | D        | Noticed a pearl dragon
   978 | D        | Noticed an angel
   985 | D        | Killed a pearl dragon
   985 | D        | Reached skill level 10 in Short Blades
   985 | D        | Reached skill level 10 in Axes
   985 | D        | Reached skill level 10 in Maces & Flails
   985 | D        | Reached skill level 10 in Polearms
   985 | D        | Reached skill level 10 in Staves
   985 | D        | Reached skill level 10 in Slings
   985 | D        | Reached skill level 10 in Bows
   985 | D        | Reached skill level 10 in Crossbows
   985 | D        | Reached skill level 10 in Throwing
   985 | D        | Reached skill level 10 in Armour
   985 | D        | Reached skill level 10 in Stealth
   985 | D        | Reached skill level 10 in Shields
   985 | D        | Reached skill level 10 in Unarmed Combat
   985 | D        | Reached skill level 10 in Charms
   985 | D        | Reached skill level 10 in Evocations
   985 | D        | Reached XP level 11. HP: 53/93 MP: 19/26
   994 | D        | HP: 3/108 [angel/+1 sacred scourge of holy wrath (14)]
   998 | D        | Killed an angel
  1001 | D        | Killed a cherub
  1006 | D        | Found a transporter.
  1082 | D        | Entered arena 13.
  1082 | D        | Noticed a vampire knight
  1082 | D        | Identified the +9 fustibalus of Ikhofulo {venom, Int+3
                  | Dex+9}
  1082 | D        | Noticed a vampire knight
  1082 | D        | Noticed a necromancer
  1082 | D        | Noticed a vampire mage
  1084 | D        | Paralysed by something for 6 turns
  1089 | D        | Found a transporter.
  1091 | D        | Entered arena 14.
  1092 | D        | Noticed an ice dragon
  1092 | D        | Noticed a blizzard demon
  1092 | D        | Noticed an ice dragon
  1092 | D        | Noticed a blizzard demon
  1093 | D        | Noticed an ice dragon
  1093 | D        | Killed from afar by a blizzard demon

Skill      XL: |  1  2  3  4  5  6  7  8  9 10 11 |
---------------+----------------------------------+-----
Fighting       | 5 6 7 8 9 11 | 11.3
Short Blades   | 2 3 4 5 6 7 8 10 | 10.4
Long Blades    | 5 6 7 8 9 11 | 11.3
Axes           | 2 3 4 5 6 7 8 10 | 10.4
Maces & Flails | 2 3 4 5 6 7 8 10 | 10.4
Polearms       | 2 3 4 5 6 7 8 10 | 10.4
Staves         | 2 3 4 5 6 7 8 10 | 10.4
Slings         | 2 3 4 5 6 7 8 10 | 10.4
Bows           | 2 3 4 5 6 7 8 10 | 10.4
Crossbows      | 2 3 4 5 6 7 8 10 | 10.4
Throwing       | 2 3 4 5 6 7 8 10 | 10.4
Armour         | 3 4 5 6 7 8 10 | 10.7
Dodging        | 5 6 7 8 9 11 | 11.3
Stealth        | 2 3 4 5 6 7 8 10 | 10.4
Shields        | 2 3 4 5 6 7 8 10 | 10.4
Unarmed Combat | 2 3 4 5 6 7 8 10 | 10.4
Spellcasting   | 5 6 7 8 9 11 | 11.4
Conjurations   | 1 2 3 4 5 7 8 |  8.8
Hexes          | 1 2 3 4 5 7 8 |  8.8
Summonings     | 1 2 3 4 5 7 8 |  8.8
Necromancy     | 1 2 3 4 5 7 8 |  8.8
Translocations | 1 2 3 4 5 7 8 |  8.8
Transmutations | 1 2 3 4 5 7 8 |  8.8
Fire Magic     | 1 2 3 4 5 7 8 |  8.8
Ice Magic      | 1 2 3 4 5 7 8 |  8.8
Air Magic      | 1 2 3 4 5 7 8 |  8.8
Earth Magic    | 1 2 3 4 5 7 8 |  8.8
Poison Magic   | 1 2 3 4 5 7 8 |  8.8
Invocations    | 2 3 5 6 7 9 10 11 | 11.2
Evocations     | 2 3 4 5 6 7 8 10 | 10.4
Charms         | 6 7 8 9 10 | 10.3

Action                   |  1- 3 |  4- 6 |  7- 9 | 10-12 || total
-------------------------+-------+-------+-------+-------++-------
Melee: Double sword      |     1 |     5 |    24 |    31 ||    61
       Punch             |       |     1 |     1 |       ||     2
       Bite              |       |       |     4 |     7 ||    11
 Cast: Infusion          |     1 |     1 |     6 |     4 ||    12
       Shroud of Golubri |       |       |     6 |     4 ||    10
       Song of Slaying   |       |       |     6 |     4 ||    10
       Spectral Weapon   |       |       |     1 |       ||     1
Evoke: Wand              |       |       |     3 |       ||     3
       Lightning rod     |       |       |     1 |     6 ||     7
  Use: Potion            |     1 |     2 |       |     4 ||     7
       Scroll            |       |       |       |     3 ||     3
Armor: Fire dragon scale |       |     7 |     6 |       ||    13
       Gold dragon scale |       |       |     8 |    40 ||    48
Dodge: Dodged            |       |     7 |    40 |    34 ||    81
Block: Buckler           |       |       |    26 |    32 ||    58
       Rpst.: Double sword |       |     1 |     9 |     4 ||    14
